 Dungeon Crawl Stone Soup version 0.24-a0-346-ge062c78e24 (webtiles) character file.

Game seed: 15906636270326832504

679 EnegeticOcto the Chopper (level 7, -5/67 HPs)
             Began as a Naga Abyssal Knight on May 22, 2019.
             Was a Believer of Lugonu.
             Slain by a hippogriff (11 damage)
             ... on level 5 of the Dungeon.
             The game lasted 00:08:34 (5359 turns).

EnegeticOcto the Chopper (Naga Abyssal Knight)      Turns: 5359, Time: 00:08:35

Health: -5/67      AC:  6    Str: 17    XL:     7   Next: 60%
Magic:  1/9        EV:  9    Int: 12    God:    Lugonu [**....]
Gold:   243        SH:  0    Dex: 10    Spells: 6/6 levels left

rFire    . . .     SeeInvis +   a - +2 hand axe
rCold    . . .     Gourm    .   (no shield)
rNeg     . . .     Faith    .   b - +0 leather armour
rPois    +         Spirit   .   l - +1 hat
rElec    .         Reflect  .   h - +0 cloak
rCorr    .         Harm     .   (no gloves)
MR       .....                  (no barding)
Stlth    +++.......             (no amulet)
HPRegen  0.21/turn              g - ring of stealth
MPRegen  0.11/turn              (no ring)

@: very slow
A: large, see invisible, deformed body, poison resistance, slowness 2, slow
metabolism 1, spit poison 1, AC +2
a: Spit Poison, Depart the Abyss, Bend Space, Renounce Religion


You were on level 5 of the Dungeon.
You worshipped Lugonu.
Lugonu was pleased with you.
You were hungry.

You visited 1 branch of the dungeon, and saw 5 of its levels.
You visited the Abyss 1 time.

You collected 243 gold pieces.

Inventory:

Hand Weapons
 a - a +2 hand axe (weapon)
Armour
 b - a +0 leather armour (worn)
 h - a +0 cloak (worn)
 l - a +1 hat (worn)
Jewellery
 g - a ring of stealth (left hand)
Scrolls
 c - 4 scrolls of immolation
 d - 4 scrolls of identify {@r1}
 f - a scroll of magic mapping {@r5 !r}
 j - a scroll of blinking {@r4}
 k - 2 scrolls of teleportation {@r3 !r}
 o - a scroll of fear {unknown}
Potions
 i - a potion of lignification {unknown}
 m - a potion of curing {@q1 !q}
 n - a potion of mutation
Comestibles
 e - 13 rations


   Skills:
 + Level 5.0 Fighting
 * Level 5.9 Axes
 - Level 1.5 Armour
 - Level 0.7 Dodging
 - Level 5.3 Stealth
 + Level 2.8 Invocations


You had 6 spell levels left.
You didn't know any spells.
Your spell library was empty.

Dungeon Overview and Level Annotations

Branches:
Dungeon (5/15)             Temple (0/1) D:4

Altars:
Gozag
Ru

Annotations:
D:5 4 transporters, P0WERM0DE's ghost, novice DDFi


Innate Abilities, Weirdness & Mutations

You cannot wear boots.
Your serpentine skin is tough. (AC +2)
You have supernaturally acute eyesight. (SInv)
Armour fits poorly on your strangely shaped body.
Your system is resistant to poisons. (rPois)
You cover ground very slowly.
You have a slow metabolism.
You can spit poison.


Message History

A quasit is nearby!
A quasit is nearby!
You slash the quasit!
You kill the quasit!
Lugonu accepts your kill.
No target in view!
No target in view!
No target in view!
No target in view!
Found a quarterstaff.
Found a stone staircase leading down.
i - a viscous white potion A centaur skeleton comes into view.
A centaur skeleton is nearby!
The centaur skeleton hits you.
You slash the centaur skeleton!
The centaur skeleton is moderately damaged.
The centaur skeleton hits you but does no damage.
You hit the centaur skeleton.
The centaur skeleton is heavily damaged.
The centaur skeleton hits you. The centaur skeleton misses you.
You hit the centaur skeleton.
The centaur skeleton is heavily damaged.
The centaur skeleton hits you but does no damage.
You hit the centaur skeleton.
The centaur skeleton is severely damaged.
The centaur skeleton hits you but does no damage.
You hit the centaur skeleton.
The centaur skeleton is almost destroyed.
The centaur skeleton hits you. The centaur skeleton barely misses you.
A centaur skeleton is nearby!
You slash the centaur skeleton!
You destroy the centaur skeleton!
Lugonu accepts your kill.
HP restored.
Found a quarterstaff.
The hippogriff is too close now for your liking.
A hippogriff is nearby!
The hippogriff bites you.
The hippogriff pecks you but does no damage.
The hippogriff claws you but does no damage.
The hippogriff barely misses you. The hippogriff pecks you!
The hippogriff claws you but does no damage.
Okay, then.
Space bends around you!
You blink.
Press: ? - help, Shift-Dir - straight line, f - you
Okay, then.
Okay, then.
Press: ? - help, Shift-Dir - straight line, f - hippogriff
Aim: a hippogriff The splash of poison misses the hippogriff.
You feel slightly more hungry.
Press: ? - help, Shift-Dir - straight line, f/p - hippogriff
Aim: a hippogriff (chance to defeat MR: 78%)
You fail to use your ability.
Press: ? - help, Shift-Dir - straight line, f/p - hippogriff
Aim: a hippogriff (chance to defeat MR: 78%)
You fail to use your ability.
Press: ? - help, Shift-Dir - straight line, f/p - hippogriff
Aim: a hippogriff (chance to defeat MR: 78%)
You fail to use your ability.
Press: ? - help, Shift-Dir - straight line, f/p - hippogriff
Aim: a hippogriff (chance to defeat MR: 78%)
You fail to use your ability.
The hippogriff bites you.
The hippogriff pecks you but does no damage.
The hippogriff claws you!
Press: ? - help, Shift-Dir - straight line, f/p - hippogriff
Aim: a hippogriff (chance to defeat MR: 78%)
You fail to use your ability.
The hippogriff bites you! The hippogriff pecks you.
The hippogriff closely misses you.
Press: ? - help, Shift-Dir - straight line, f/p - hippogriff
Aim: a hippogriff (chance to defeat MR: 78%)
You fail to use your ability.
You have got your breath back.
The hippogriff bites you! The hippogriff pecks you. The hippogriff claws you.
Press: ? - help, Shift-Dir - straight line, f/p - hippogriff
Aim: a hippogriff (chance to defeat MR: 78%)
The hippogriff barely resists.
You are feeling hungry.
The hippogriff bites you.
* * * LOW HITPOINT WARNING * * *
The hippogriff completely misses you. The hippogriff claws you.
* * * LOW HITPOINT WARNING * * *
Press: ? - help, Shift-Dir - straight line, f/p - hippogriff
Aim: a hippogriff (chance to defeat MR: 78%)
You fail to use your ability.
The hippogriff bites you.
* * * LOW HITPOINT WARNING * * *
The hippogriff pecks you.
* * * LOW HITPOINT WARNING * * *
The hippogriff claws you.
* * * LOW HITPOINT WARNING * * *
Press: ? - help, Shift-Dir - straight line, f/p - hippogriff
Aim: a hippogriff (chance to defeat MR: 78%)
The hippogriff barely resists.
You feel somewhat more hungry.
You can no longer banish your foes.
The hippogriff bites you!
You die...

.#.....# #..#.#
.....#.####..#.#
..)............>###...
##.##...######......#
#...#<...#.####### .#
#.#..........)...... .#
#.#..........######### .#
#.#..H...#............
.######....@.#.#............
.............#.#...#########
#####.#######...###.#........#
..................#.########.#
.....# ........#.#.# #.#
####.# .......>#.#.# #####.#
...#.# ......#.#.#.# #.....#
...#.# .####.#.#.# #.#####
...#.# #.#.#.#..# #.#


You could see a hippogriff.

Vanquished Creatures
  An ice beast (D:5)
  A centaur (D:5)
  An ogre (D:5)
  A quasit (D:5)
  A hound (D:5)
  2 orc wizards (D:2)
  A bullfrog skeleton (D:4)
  A centaur skeleton (D:5)
  An iguana (D:4)
  Jessica (D:2)
  2 worker ants
  A worker ant zombie (D:5)
  2 adders
  4 gnolls (D:4)
  An adder skeleton (D:4)
  A worm (D:3)
  2 dart slugs (D:2)
  4 leopard geckos
  3 orcs
  5 giant cockroaches
  8 goblins
  7 hobgoblins
  5 jackals
  3 quokkas
  A ball python (D:3)
  4 bats
  8 frilled lizards
  8 kobolds
  A leopard gecko skeleton (D:4)
  5 rats
86 creatures vanquished.

Vanquished Creatures (others)
  5 plants (D:5)
5 creatures vanquished.

Grand Total: 91 creatures vanquished

Notes
Turn   | Place    | Note
-------+----------+-------------------------------------------
     0 | Abyss:1  | EnegeticOcto the Naga Abyssal Knight began the quest for
                  | the Orb.
     0 | Abyss:1  | Reached XP level 1. HP: 21/21 MP: 2/2
     9 | D:1      | Escaped the Abyss
   306 | D:1      | Reached skill level 1 in Stealth
   597 | D:1      | Reached XP level 2. HP: 28/28 MP: 3/3
  1269 | D:2      | Reached XP level 3. HP: 34/34 MP: 4/4
  1652 | D:2      | Reached ** piety under Lugonu
  1686 | D:2      | Noticed Jessica
  1695 | D:2      | Killed Jessica
  1695 | D:2      | Reached XP level 4. HP: 37/44 MP: 5/5
  2083 | D:2      | Reached XP level 5. HP: 46/50 MP: 6/6
  3314 | D:4      | Reached XP level 6. HP: 23/57 MP: 7/7
  3673 | D:4      | Noticed a phantom
  3858 | D:4      | Found an opulent altar of Gozag.
  4400 | D:4      | Found a staircase to the Ecumenical Temple.
  4530 | D:5      | Entered Level 5 of the Dungeon
  4572 | D:5      | Reached skill level 5 in Axes
  4572 | D:5      | Reached skill level 5 in Stealth
  4645 | D:5      | Reached *** piety under Lugonu
  4645 | D:5      | Reached XP level 7. HP: 31/66 MP: 8/8
  4824 | D:5      | Noticed a hippogriff
  4840 | D:5      | Found a transporter.
  4840 | D:5      | Found a transporter.
  4860 | D:5      | Found a sacrificial altar of Ru.
  5160 | D:5      | Found a transporter.
  5175 | D:5      | Reached skill level 5 in Fighting
  5189 | D:5      | Identified the +7 trident of Fatigue {venom, rF+ rN+
                  | Stlth+}
  5189 | D:5      | Identified the +1 scale mail of Going Fast {-Tele rN+ rCorr
                  | SInv}
  5221 | D:5      | Found a transporter.
  5222 | D:5      | Noticed P0WERM0DE's ghost (novice DDFi)
  5230 | D:5      | Identified the ring "Plog" {rPois MP+9 Int+2 Dex+4 Stlth-}
  5359 | D:5      | Slain by a hippogriff

Levels and vault maps discovered:
D:1:      minmay_arrival_up_and_down, layout_basic
D:2:      layout_basic, uniq_jessica
D:3:      layout_loops_ring, first_ration
D:4:      layout_cave_pools, grunt_gozag_statues,
          minmay_temple_entry_enclosed_plants, minmay_joined_circles
D:5:      layout_basic, gammafunk_temple_overflow_arena,
          gammafunk_ghost_gnarly_gnolls, uniq_pikel

Skill      XL: |  1  2  3  4  5  6  7 |
---------------+----------------------+-----
Stealth        | 1 2 3 4 5 |  5.3
Axes           | 3 4 5 |  5.9
Fighting       | 4 5 |  5.0
Armour         | |  1.5
Dodging        | |  0.7
Invocations    | |  2.8

Action                   |  1- 3 |  4- 6 |  7- 9 || total
-------------------------+-------+-------+-------++-------
Melee: Hand axe          |    49 |   185 |    39 ||   273
Invok: Banish            |       |       |     2 ||     2
       Bend Space        |       |       |     1 ||     1
 Abil: Spit Poison       |    22 |    25 |     5 ||    52
  Use: Scroll            |     1 |     8 |       ||     9
       Potion            |       |     2 |       ||     2
 Stab: Sleeping          |     5 |     8 |     2 ||    15
  Eat: Chunk             |     3 |     9 |     2 ||    14
Armor: Leather armour    |    10 |    65 |    29 ||   104
Dodge: Dodged            |    25 |    92 |    28 ||   145

Table legend:
 A = Non-vault XP
 B = Vault XP
 C = Vault XP percentage of total XP
 D = Non-vault monster count
 E = Vault monster count
 F = Vault count percentage of total count
                 A         B        C        D         E       F
            +---------+---------+-------+---------+---------+-------
      Total |     927 |      43 |   4.4 |      82 |       4 |   4.7
            +---------+---------+-------+---------+---------+-------
        D:1 |      23 |       0 |   0.0 |      14 |       0 |   0.0
        D:2 |     136 |      37 |  21.4 |      29 |       1 |   3.3
        D:3 |      24 |       0 |   0.0 |      13 |       0 |   0.0
        D:4 |     205 |       6 |   2.8 |      17 |       3 |  15.0
        D:5 |     539 |       0 |   0.0 |       9 |       0 |   0.0
            +---------+---------+-------+---------+---------+-------
